 Dungeon Crawl Stone Soup version 0.19-a0-1932-g59670f6 (webtiles) character file.

217 Softman25 the Chopper (level 5, 0/45 HPs)
             Began as a Hill Orc Fighter on Oct 25, 2016.
             Slain by an orc
             ... wielding a +0 whip
              (1 damage)
             ... on level 4 of the Dungeon.
             The game lasted 00:05:54 (3353 turns).

Softman25 the Chopper (Hill Orc Fighter)            Turns: 3353, Time: 00:05:55

Health: 0/45       AC:  6    Str: 19    XL:     5   Next: 94%
Magic:  8/8        EV:  7    Int:  8    God:
Gold:   177        SH:  0    Dex: 11    Spells: 0 memorised, 8 levels left

rFire  . . .     SeeInvis .     a - +1 war axe
rCold  . . .     Gourm    .     b - +0 scale mail
rNeg   . . .     Faith    .     c - +0 shield
rPois  .         Spirit   .     (no helmet)
rElec  .         Reflect  .     (no cloak)
rCorr  .         Harm     .     (no gloves)
MR     .....                    (no boots)
Stlth  ..........               (no amulet)
                                (no ring)
                                (no ring)

@: confused, lethally poisoned (0 -> -25)
A: no striking features
a: no special abilities


You were on level 4 of the Dungeon.
You were not hungry.

You visited 1 branch of the dungeon, and saw 4 of its levels.

You collected 177 gold pieces.

Inventory:

Hand Weapons
 a - a +1 war axe (weapon)
Armour
 b - a +0 scale mail (worn)
 c - a +0 shield (worn)
Wands
 n - a wand of acid (13/15)
 x - a wand of iceblast (10/15)
Scrolls
 h - 2 scrolls of remove curse {@r2}
 k - a scroll of teleportation
 m - 4 scrolls of recharging
 p - 3 scrolls of identify {@r1}
 t - a scroll of fog {unknown}
 u - a scroll of blinking {unknown}
Potions
 d - a potion of might
 e - a potion of degeneration {unknown}
 i - a potion of brilliance {unknown}
 j - a potion of flight {unknown}
 l - 2 potions of invisibility
 q - a potion of cure mutation {unknown}
 r - a potion of curing {unknown}
 s - 2 potions of cancellation {unknown}
 w - a potion of mutation {unknown}
 z - a potion of beneficial mutation {unknown}
Comestibles
 f - 4 bread rations
 g - 5 meat rations
 v - 2 fruits


   Skills:
 - Level 3.6 Fighting
 - Level 6.2 Axes
 - Level 3.2 Armour
 - Level 3.2 Shields
 + Level 2.4 Spellcasting


You had 8 spell levels left.
You didn't know any spells.

Dungeon Overview and Level Annotations

Branches:
Dungeon (4/15)
 Temple: D:4-7

Altars:

Annotations:
D:4 Ultraviolent4's ghost, amateur FoFi


Message History

* * * LOW HITPOINT WARNING * * *
The orc wizard casts a spell at you. The puff of frost hits you!
* * * LOW HITPOINT WARNING * * *
The orc hits you with a hand axe.
* * * LOW HITPOINT WARNING * * *
Something hits you but does no damage.
You are more poisoned.
The orc hits you with a whip.
* * * LOW HITPOINT WARNING * * *
The orc hits you but does no damage.
You slash the orc wizard!
The orc wizard is almost dead.
You miss something. You hit the orc but do no damage. You hit the orc. x2
You kill the orc!
* * * LOW HITPOINT WARNING * * *
You feel very sick.
The orc wizard hits you but does no damage.
Something completely misses you. The orc hits you with a whip.
You die...

##.#..#..#
#.....#..#
#....(...#
#.#....#.#
#.#..#.#.######..
#....#...........
#....###.######.#
. ##.#{o##.#.# ...
#.#@o##.#.#
.....###.#oro#.#.#
#..o[.%.%.#.#...#
#....######o..#.#
#### #.#....#
#.#..#.# #.##>###
#.##.. #.##..o


You could see 2 orc wizards, 3 orcs and a quokka.

Vanquished Creatures
  A howler monkey (D:4)
  A worker ant (D:4)
  A gnoll (D:1)
  A howler monkey skeleton (D:4)
  2 adders
  An ooze (D:1)
  2 worms
  3 dart slugs
  A leopard gecko (D:3)
  10 orcs
  2 giant cockroaches
  10 goblins
  12 hobgoblins
  6 jackals (D:1)
  7 kobolds
  A ball python (D:3)
  9 bats
  6 frilled lizards
  8 rats
84 creatures vanquished.

Notes
Turn   | Place    | Note
-------+----------+-------------------------------------------
     0 | D:1      | Softman25 the Hill Orc Fighter began the quest for the Orb.
     0 | D:1      | Reached XP level 1. HP: 19/19 MP: 1/1
    23 | D:1      | Reached skill level 3 in Axes
   106 | D:1      | Reached XP level 2. HP: 17/26 MP: 2/2
   296 | D:1      | Reached skill level 4 in Axes
   510 | D:1      | Reached XP level 3. HP: 18/31 MP: 3/3
   799 | D:1      | Reached skill level 5 in Axes
  1201 | D:1      | Reached XP level 4. HP: 39/39 MP: 4/4
  1837 | D:2      | Reached skill level 6 in Axes
  2567 | D:3      | Reached XP level 5. HP: 41/45 MP: 6/6
  2574 | D:3      | Reached skill level 1 in Spellcasting
  3174 | D:4      | Noticed Ultraviolent4's ghost (amateur FoFi)
  3353 | D:4      | HP: 1/45 [poisoned by an orc wizard]
  3353 | D:4      | Slain by an orc

Vault maps used:
D:1:      shiori_arrival_maze, minmay_distorted
D:2:      minmay_misc_feat_encased, minmay_quantized

Skill      XL: |  1  2  3  4  5 |
---------------+----------------+-----
Axes           | 3 4 5 6 |  6.2
Spellcasting   | 2 |  2.4
Fighting       | |  3.6
Armour         | |  3.2
Shields        | |  3.2

Action                   |  1- 3 |  4- 6 || total
-------------------------+-------+-------++-------
Melee: War axe           |    98 |   146 ||   244
  Use: Scroll            |       |     7 ||     7
       Potion            |       |     4 ||     4
  Eat: Chunk             |     1 |     5 ||     6
       Bread ration      |       |     1 ||     1
Armor: Scale mail        |    45 |    66 ||   111
Dodge: Dodged            |    44 |    56 ||   100
Block: Shield            |    68 |    49 ||   117
